 Dungeon Crawl Stone Soup version 0.18-a0-1308-g45b86c9 (webtiles) character file.

4671 Oddball22 the Transmogrifier (level 10, -3/48 HPs)
             Began as a Vine Stalker Transmuter on Feb 13, 2016.
             Was a Believer of Sif Muna.
             Slain by a troll (8 damage)
             ... on level 9 of the Dungeon.
             The game lasted 00:28:22 (7854 turns).

Oddball22 the Transmogrifier (VSTm)                 Turns: 7854, Time: 00:28:22

Health: -3/48      AC:  4    Str: 12 (13) XL:     10   Next: 44%
Magic:  0/17       EV: 13    Int: 12 (14) God:    Sif Muna [**....]
Gold:   467        SH:  0    Dex: 19      Spells: 5 memorised, 3 levels left

rFire  . . .     SeeInvis +       - Unarmed
rCold  . . .     Gourm    .     b - +1 robe
rNeg   . . .     Faith    .     (no shield)
rPois  .         Spirit   +     (no helmet)
rElec  .         Dismiss  .     R - +0 cloak
rCorr  .         Reflect  .     (no gloves)
SustAt .         Harm     .     (no boots)
MR     +....                    i - amulet of regeneration
Stlth  +.........               e - ring of wizardry
                                t - ring of see invisible

@: appendage, very slightly contaminated, somewhat resistant to hostile
enchantments, very unstealthy
A: fangs 3, hooves 1, horns 2, agile 1, regeneration 2, robust 1, magic shield,
antimagic bite, no device heal 3, rot immunity
a: End Transformation, Channel Energy, Renounce Religion


You were on level 9 of the Dungeon.
You worshipped Sif Muna.
Sif Muna was pleased with you.
You were not hungry.
You had grown temporary horns.
You visited 2 branches of the dungeon, and saw 10 of its levels.

You collected 467 gold pieces.

Inventory:

Missiles
 a - 127 arrows
 z - 14 poisoned arrows
 B - 6 javelins of penetration (quivered)
 I - 8 steel javelins
 Z - 18 bolts
Armour
 b - a +1 robe (worn)
 R - a +0 cloak (worn)
Jewellery
 e - a ring of wizardry (right hand)
 i - an amulet of regeneration (around neck)
 t - a ring of see invisible (left hand)
 H - an uncursed ring of protection from cold
Wands
 f - a wand of acid (3/15)
 n - a wand of flame (9/48)
 E - a wand of slowing (22/48)
 J - a wand of digging (0/24)
 L - a wand of acid (6/15)
 M - a wand of flame (32/48)
 Q - a wand of paralysis (8/24)
 T - a wand of acid (9/15)
 X - a wand of iceblast (11/15)
Scrolls
 l - 3 scrolls of identify
 p - 2 scrolls of blinking
 s - 9 scrolls of remove curse
 x - 3 scrolls of fear
 y - 2 scrolls of enchant armour
 A - 2 scrolls of amnesia
Potions
 j - 4 potions of lignification
 m - 6 potions of curing
 r - 2 potions of might
 P - a potion of haste
Books
 c - a book of Changes

   Spells                             Type                      Level
   a - Beastly Appendage              Transmutation                1
   b - Sticks to Snakes               Transmutation                2
   c - Spider Form                    Transmutation/Poison         3
   d - Ice Form                       Ice/Transmutation            4
   e - Blade Hands                    Transmutation                5
 W - a book of Power

   Spells                             Type                      Level
   a - Fulminant Prism                Conjuration/Hexes            4
   b - Iskenderun's Mystic Blast      Conjuration                  4
   c - Venom Bolt                     Conjuration/Poison           5
   d - Bolt of Magma                  Conjuration/Fire/Earth       5
   e - Iron Shot                      Conjuration/Earth            6
   f - Orb of Destruction             Conjuration                  7
   g - Spellforged Servitor           Conjuration/Summoning        7
Comestibles
 d - 7 bread rations
 g - a slice of pizza
 h - 5 meat rations
 D - 2 beef jerkies
 O - a royal jelly
 V - 9 chunks of flesh


   Skills:
 - Level 0.8 Fighting
 - Level 2.7 Dodging
 - Level 5.0 Unarmed Combat
 - Level 4.5 Spellcasting
 * Level 10.7 Transmutations
 + Level 7.3 Ice Magic
 - Level 4.0 Poison Magic


You had 3 spell levels left.
You knew the following spells:

 Your Spells              Type           Power        Failure   Level  Hunger
a - Beastly Appendage     Trmt           ####..       1%          1    None
b - Sticks to Snakes      Trmt           ####....     1%          2    ##.....
c - Spider Form           Trmt/Pois      ###.......   1%          3    ###....
d - Ice Form              Ice/Trmt       ###.....     2%          4    ####...
e - Blade Hands           Trmt           ####......   4%          5    ######.


Dungeon Overview and Level Annotations

Branches:
Dungeon (9/15)             Temple (1/1) D:7             Orc (0/2) D:9
   Lair: D:8-11

Altars:
Ashenzari
Cheibriados
Dithmenos
Elyvilon
Fedhas
Gozag
Kikubaaqudgha
Makhleb
Nemelex Xobeh
Okawaru
Qazlal
Ru
Sif Muna
Vehumet
Yredelemnul
The Shining One

Shops:
D:7 :

Annotations:
D:9 Erolcha


Innate Abilities, Weirdness & Mutations

You have razor-sharp teeth.
You heal very quickly.
When hurt, damage is shared between your health and your magic reserves.
Your bite disrupts and absorbs the magic of your enemies.
Potions and wands cannot restore your health.
You are immune to rotting.
You have large cloven feet.
You have a pair of horns on your head.
You are agile. (Dex +2)
You are robust (+10% HP).


Message History

You kick the hound skeleton, but do no damage.
The hound skeleton closely misses you.
Casting: Spider Form
Confirm with . or Enter, or press ? or * to list all spells.
You grow a pair of large bovine horns.
The hound skeleton bites you.
* * * LOW HITPOINT WARNING * * *
You completely miss the hound skeleton. The hound skeleton barely misses you.
The hound skeleton bites you.
* * * LOW HITPOINT WARNING * * *
A troll comes into view.
You hit the hound skeleton.
You kick the hound skeleton, but do no damage.
Your headbutt misses the hound skeleton.
You bite the hound skeleton. You drain its power.
You feel invigorated.
You destroy the hound skeleton!
Erolcha shouts!
You open the large door. The troll bites you!
* * * LOW HITPOINT WARNING * * *
The troll closely misses you. The troll claws you!
You die...

********++********,*
*≈≈≈≈≈≈≈,,≈≈≈≈≈≈≈#,*
*≈,,,,,,,,,,,,..≈#,*
*≈,****..,,***♣.≈#,*
*≈,* *...,* ♣.≈#,*
*≈,* *....* ♣.≈#,*
*≈.♣♣♣♣....♣♣♣♣.≈#,#
*≈..............≈#.#
+,.......$......@'.#
+,,,............T'.#
*≈,,,.......O...≈###
*≈,***♣....♣♣♣♣.≈#
*≈,* ♣....♣ ♣.≈#
*≈,* ♣...§♣ ♣.≈#
*≈.♣♣♣♣....♣♣♣♣.≈#
#≈........Z..†..≈#
#≈≈≈≈≈≈≈..≈≈≈≈≈≈≈#


You could see Erolcha and a troll.

Vanquished Creatures
  A komodo dragon (D:9)
  A troll (D:9)
  Grinder (D:3)
  A spriggan (D:9)
  A wyvern (D:9)
  A hungry ghost (D:8)
  A steam dragon (D:9)
  2 sky beasts (D:7)
  2 ice beasts
  2 orc warriors
  3 centaurs
  4 ogres
  The ghost of Reinor the Ducker, an amateur SpAK of Lugonu (D:3)
  A big kobold (D:7)
  4 giant frogs
  Blork the orc (D:6)
  A gnoll sergeant (D:7)
  A wyvern skeleton (D:6)
  2 scorpions
  A water moccasin skeleton (D:6)
  4 wights (D:9)
  5 killer bees (D:7)
  2 centaur zombies
  4 crimson imps
  2 hounds (D:8)
  5 orc wizards
  2 orc priests
  2 jellies
  Ijyb (D:3)
  Terence (D:3)
  An iguana (D:7)
  8 worker ants
  A hound skeleton (D:9)
  14 gnolls
  15 adders
  3 oozes
  An adder zombie (D:5)
  2 adder skeletons
  2 worms
  6 giant geckos
  21 orcs
  3 bats
  6 giant cockroaches
  4 goblins
  7 hobgoblins
  10 jackals
  2 quokkas
  3 ball pythons
  5 giant newts
  A jackal skeleton (D:8)
  10 kobolds
  21 rats
206 creatures vanquished.

Vanquished Creatures (others)
  A quokka (D:4)
  A bush (D:7)
2 creatures vanquished.

Grand Total: 208 creatures vanquished

Notes
Turn   | Place    | Note
--------------------------------------------------------------
     0 | D:1      | Oddball22 the Vine Stalker Transmuter began the quest for the Orb.
     0 | D:1      | Reached XP level 1. HP: 9/9 MP: 4/4
    55 | D:1      | Reached XP level 2. HP: 7/14 MP: 3/6
    61 | D:1      | Learned a level 2 spell: Sticks to Snakes
   172 | D:1      | Reached XP level 3. HP: 15/17 MP: 4/7
   428 | D:1      | Learned a level 3 spell: Spider Form
   514 | D:2      | Reached skill level 4 in Unarmed Combat
   704 | D:2      | Reached XP level 4. HP: 21/21 MP: 5/8
  1428 | D:3      | Noticed Terence
  1439 | D:3      | Killed Terence
  1439 | D:3      | Reached skill level 5 in Unarmed Combat
  1439 | D:3      | Reached XP level 5. HP: 11/25 MP: 3/9
  1528 | D:3      | Noticed Reinor's ghost (amateur SpAK)
  1615 | D:3      | Noticed Grinder
  1635 | D:3      | Paralysed by Grinder for 4 turns
  1655 | D:3      | Killed Grinder
  1655 | D:3      | Reached skill level 1 in Poison Magic
  1655 | D:3      | Gained mutation: You heal very quickly. [Vine Stalker growth]
  1655 | D:3      | Reached XP level 6. HP: 12/29 MP: 0/12
  1882 | D:3      | Noticed Ijyb
  1890 | D:3      | Killed Ijyb
  1999 | D:3      | Learned a level 4 spell: Ice Form
  2318 | D:3      | Found a sparkling altar of Nemelex Xobeh.
  2429 | D:3      | Found a burning altar of Makhleb.
  2547 | D:4      | Found a white marble altar of Elyvilon.
  2565 | D:4      | Reached XP level 7. HP: 32/32 MP: 12/14
  2958 | D:4      | Reached skill level 1 in Ice Magic
  3287 | D:4      | Found a stormy altar of Qazlal.
  3288 | D:4      | Noticed a water elemental
  3292 | D:4      | Noticed a fire elemental
  3292 | D:4      | Noticed an air elemental
  3383 | D:5      | Entered Level 5 of the Dungeon
  3449 | D:5      | Learned a level 5 spell: Blade Hands
  3772 | D:5      | Found a sacrificial altar of Ru.
  4106 | D:5      | Gained mutation: You have razor-sharp teeth. [Vine Stalker growth]
  4106 | D:5      | Reached XP level 8. HP: 37/37 MP: 9/15
  4127 | D:5      | HP: 1/37 [orc wizard/magic dart (1)]
  4132 | D:5      | HP: 1/55 [poisoned by a centaur]
  4139 | D:5      | HP: 1/55 [poisoned by a centaur]
  4459 | D:3      | Killed Reinor's ghost
  4459 | D:3      | Reached skill level 5 in Transmutations
  4724 | D:6      | Noticed Blork the orc
  4736 | D:6      | Killed Blork the orc
  4959 | D:6      | Reached skill level 6 in Transmutations
  4978 | D:6      | Found a sparkling altar of Nemelex Xobeh.
  5339 | D:7      | Reached skill level 7 in Transmutations
  5339 | D:7      | Reached XP level 9. HP: 32/40 MP: 11/16
  5666 | D:7      | Found a blossoming altar of Fedhas.
  5802 | D:7      | Reached skill level 5 in Ice Magic
  5831 | D:7      | Found a radiant altar of Vehumet.
  5938 | D:7      | Found Pampi's Book Emporium.
  5957 | D:7      | Found a staircase to the Ecumenical Temple.
  5963 | Temple   | Entered the Ecumenical Temple
  5976 | Temple   | Became a worshipper of Sif Muna the Loreminder
  6040 | D:7      | Reached skill level 8 in Transmutations
  6497 | D:7      | Reached * piety under Sif Muna
  6703 | D:7      | Reached skill level 9 in Transmutations
  6904 | D:8      | Found an opulent altar of Gozag.
  7182 | D:8      | Reached XP level 10. HP: 41/44 MP: 17/17
  7247 | D:8      | Reached ** piety under Sif Muna
  7660 | D:9      | Reached skill level 10 in Transmutations
  7757 | D:9      | Gained mutation: You are agile. (Dex +2) [potion of mutation]
  7757 | D:9      | Gained mutation: You have large cloven feet. [potion of mutation]
  7757 | D:9      | Gained mutation: You are robust (+10% HP). [potion of mutation]
  7801 | D:9      | Noticed Erolcha
  7854 | D:9      | Slain by a troll

Vault maps used:
D:1:      erik_arrival_orb_chamber
D:3:      old_standard_altar, first_bread, minmay_misc_feat_square,
          st_stairs_11, nemelex_diamond_rough_becter, uniq_iyjb, uniq_grinder,
          uniq_terence
D:4:      nicolae_qazlal_style_of_elements, elyvilon_altar_4
D:5:      nicolae_ru_awakened_eye
D:6:      kennysheep_little_box, uniq_blork_the_orc
D:7:      lemuel_coloured_pillars_altar, fedhas_bush_and_centaur_altar,
          minmay_temple_entry_fiery, serial_shops, shop, lightli_corner_chamber
D:8:      grunt_gozag_statues
D:9:      zin_purify, david_orc_1_choice, the_bakery, kennysheep_dice,
          uniq_erolcha, uniq_prince_ribbit1
Temple:   triangle_lava_temple_11

Action                   |  1- 3 |  4- 6 |  7- 9 | 10-12 || total
-------------------------+-------+-------+-------+-------++-------
Melee: Unarmed           |    82 |   139 |   395 |    72 ||   688
 Cast: Beastly Appendage |     6 |    12 |    21 |     1 ||    40
       Spider Form       |     1 |     8 |    31 |     5 ||    45
       Ice Form          |       |       |     1 |       ||     1
       Blade Hands       |       |       |     3 |     2 ||     5
Evoke: Wand              |       |       |     4 |       ||     4
  Use: Scroll            |       |     8 |       |     4 ||    12
       Potion            |       |       |     2 |    10 ||    12
 Stab: Sleeping          |     1 |     2 |     8 |       ||    11
       Invisible         |       |       |       |     3 ||     3
  Eat: Chunk             |       |     7 |    21 |     3 ||    31
